 Dungeon Crawl Stone Soup version 0.28-a0-732-g75e6d9beac (webtiles) character file.

Game seed: 12964483635604929656

2831 Lemonice the Covert (level 9, -2/59 HPs)
             Began as an Octopode Earth Elementalist on Oct 29, 2021.
             Was a Believer of Makhleb.
             Slain by Harold (24 damage)
             ... on level 8 of the Dungeon.
             The game lasted 00:19:11 (9761 turns).

Lemonice the Covert (Octopode Earth Elementalist)   Turns: 9761, Time: 00:19:12

Health: -2/59      AC:  1    Str: 10    XL:     9   Next: 73%
Magic:  15/15      EV: 15    Int: 17    God:    Makhleb [**....]
Gold:   40         SH:  0    Dex: 13    Spells: 10/16 levels left

rFire   . . .      SeeInvis .   d - +2 dagger (freeze)
rCold   . . .      Faith    .   (no shield)
rNeg    + . .      Spirit   .   (helmet restricted)
rPois   +          Reflect  .   E - amulet of magic regeneration
rElec   .          Harm     .   k - ring of positive energy
rCorr   .          Rampage  .   r - ring of poison resistance
Will    .....                   t - +4 ring of slaying
Stlth   +++++.....              G - ring of flight
HPRegen 0.19/turn               (no ring)
MPRegen 0.39/turn               (no ring)
                                (no ring)
                                (no ring)

@: flying, very slightly contaminated
A: almost no armour, amphibious, 8 rings, camouflage 1, gelatinous body 1,
(nimble swimmer 1), tentacles
a: Renounce Religion, Minor Destruction


You were on level 8 of the Dungeon.
You worshipped Makhleb.
Makhleb was pleased with you.
You visited 1 branch of the dungeon, and saw 9 of its levels.

You collected 292 gold pieces.
You spent 252 gold pieces at shops.

Inventory:

Hand Weapons
 d - a +2 dagger of freezing (weapon)
 e - a +1 vampiric short sword
 q - a +3 trident of flaming
 w - a +1 dagger of holy wrath
 H - a +0 hand axe
Missiles
 b - 170 stones
 x - 2 boomerangs
Jewellery
 k - a ring of positive energy (left tentacle)
 r - a ring of poison resistance (right tentacle)
 t - a +4 ring of slaying (on tentacle)
 E - an amulet of magic regeneration (around mantle)
 G - a ring of flight (on tentacle)
Wands
 n - a wand of iceblast (6)
 C - a wand of paralysis (6)
 F - a wand of polymorph (5)
Scrolls
 c - 3 scrolls of immolation
 f - 2 scrolls of teleportation {unknown}
 g - a scroll of fear {unknown}
 j - 4 scrolls of magic mapping
 l - a scroll of noise {unknown}
 u - a scroll of vulnerability {unknown}
 v - 2 scrolls of blinking
 y - a scroll of enchant armour {unknown}
 z - a scroll of amnesia {unknown}
Potions
 a - a potion of mutation
 h - 4 potions of attraction
 i - 3 potions of haste
 m - a potion of heal wounds
 o - 7 potions of curing
 p - a potion of resistance
 s - a potion of degeneration
 A - 3 potions of lignification
 B - a potion of might {unknown}
 D - 2 potions of flight
 I - a potion of invisibility


   Skills:
 + Level 4.5 Fighting
 + Level 6.4 Short Blades
 + Level 0.3 Polearms
 + Level 6.1 Dodging
 + Level 8.6 Stealth
 + Level 4.0 Spellcasting
 + Level 1.9 Conjurations
 + Level 1.0 Transmutations
 + Level 5.1 Earth Magic


You had 10 spell levels left.
You knew the following spells:

 Your Spells              Type           Power      Damage    Failure   Level
a - Sandblast             Erth           40%        2d10      1%          1
b - Stone Arrow           Conj/Erth      30%        3d8       11%         3
c - Passwall              Tmut/Erth      10%        N/A       7%          2

Your spell library contained the following spells:

 Spells                   Type           Power      Damage    Failure   Level
 Petrify                  Tmut/Erth      13%        N/A       41%         4


Dungeon Overview and Level Annotations

Branches:
Dungeon (9/15)             Temple (0/1) D:4
   Lair: D:8-11         Orc: D:9-12

Altars:
Fedhas
Makhleb
Nemelex Xobeh
Qazlal
Ru
Yredelemnul

Shops:
D:4 (!((   D:8 [

Annotations:
D:7 1 runed translucent door, Crazy Yiuf
D:8 Harold


Innate Abilities, Weirdness & Mutations

You cannot wear most types of armour.
You are amphibious.
You can wear up to eight rings at the same time.
Your skin changes colour to match your surroundings (Stealth+).
Your rubbery body absorbs attacks. (AC +1, EV +1)
((You are camouflaged near water. (Stealth+)))
You have tentacles for arms and can constrict up to eight enemies at once.


Message History

Press: ? - help, Shift-Dir - straight line, f - Harold
Aim: Harold, wielding a +1 long sword of holy wrath, wearing a +0 scale mail and quivering 2 throwing nets (81% to hit)
You miscast Stone Arrow.
You are very lightly contaminated with residual magic.
Nothing appears to happen.
Harold fires a harpoon shot at you. The harpoon shot hits you!
You are yanked forward by the harpoon shot.
You hit Harold. You freeze Harold. You grab Harold. You squeeze Harold!
Harold is moderately wounded.
You constrict Harold. You hit Harold. You freeze Harold.
Harold is moderately wounded.
You constrict Harold, but do no damage.
Harold hits you with a +1 long sword of holy wrath.
You hit Harold. You freeze Harold. You squeeze Harold, but do no damage.
Harold is moderately wounded.
You constrict Harold.
Harold hits you with a +1 long sword of holy wrath.
You hit Harold but do no damage.
Harold is moderately wounded.
You constrict Harold, but do no damage. You puncture Harold! You freeze Harold.
Harold is heavily wounded.
You constrict Harold. Harold closely misses you.
You hit Harold but do no damage.
Harold is heavily wounded.
You constrict Harold. Harold completely misses you.
You hit Harold. You freeze Harold.
Harold is severely wounded.
You constrict Harold.
Harold hits you with a +1 long sword of holy wrath!
You hit Harold. You freeze Harold. You squeeze Harold!
Harold is severely wounded.
You constrict Harold. You hit Harold. You freeze Harold.
Harold is almost dead.
You constrict Harold.
Harold hits you with a +1 long sword of holy wrath!!
You die...

####### #.. ..#
#.###.#
#######.#.#.###
#..@@....)#...#
#.#.....#...#.#
#.#####.....#
#. #.#.### #.
#.#<# .. #!###
## ... ###


You could see Harold.

Vanquished Creatures
  A kobold demonologist (D:6)
  Prince Ribbit (D:7)
  3 sky beasts
  2 ogres
  2 necrophages
  A centaur (D:8)
  A phantom (D:7)
  3 kobold brigands (D:6)
  2 water moccasin zombies
  2 bullfrogs
  A wyvern zombie (D:6)
  A water moccasin skeleton (D:7)
  2 howler monkeys
  3 centaur zombies
  A bullfrog zombie (D:6)
  5 orc priests
  2 centaur skeletons
  A gnoll shaman (D:7)
  4 hounds
  A jelly (D:5)
  2 orc wizards
  Terence (D:3)
  2 iguanas
  2 killer bee zombies
  A howler monkey skeleton (D:7)
  A howler monkey zombie (D:6)
  4 gnolls (D:7)
  10 adders
  A shadow imp (D:5)
  An ufetubus (D:7)
  2 adder skeletons
  A worm (D:2)
  4 dart slugs
  23 orcs
  9 ball pythons
  8 bats
  4 endoplasms
  4 giant cockroaches
  5 goblins
  6 hobgoblins
  20 kobolds
  A quokka (D:3)
  3 frilled lizards
  5 rats
159 creatures vanquished.

Notes
Turn   | Place    | Note
-------+----------+-------------------------------------------
     0 | D:1      | Lemonice the Octopode Earth Elementalist began the quest
                  | for the Orb.
     0 | D:1      | Reached XP level 1. HP: 11/11 MP: 3/3
   376 | D:1      | Found a faded altar of an unknown god.
   390 | D:1      | Reached XP level 2. HP: 15/17 MP: 5/5
   543 | D:1      | Reached skill level 3 in Stealth
   811 | D:1      | Reached XP level 3. HP: 16/21 MP: 6/6
  1638 | D:2      | Reached skill level 1 in Fighting
  1829 | D:2      | Reached XP level 4. HP: 28/28 MP: 7/7
  2224 | D:2      | Reached skill level 4 in Stealth
  2545 | D:2      | Reached skill level 1 in Short Blades
  3298 | D:3      | Noticed Terence
  3309 | D:3      | Learned a level 3 spell: Stone Arrow
  3332 | D:3      | Killed Terence
  3333 | D:3      | Reached XP level 5. HP: 15/33 MP: 1/8
  3751 | D:3      | Found a burning altar of Makhleb.
  3890 | D:3      | Became a worshipper of Makhleb the Destroyer
  4050 | D:4      | Reached skill level 5 in Stealth
  4182 | D:4      | Found Lyak's Weapon Emporium.
  4186 | D:4      | Found Qarph's Distillery.
  4187 | D:4      | Found Okkich's Weapon Emporium.
  4187 | D:4      | Found Dopitohe's Weapon Emporium.
  4200 | D:4      | Bought a potion of degeneration for 14 gold pieces
  4200 | D:4      | Bought a potion of curing for 42 gold pieces
  4223 | D:4      | Found a blossoming altar of Fedhas.
  4324 | D:4      | Reached skill level 6 in Stealth
  4636 | D:4      | Found a staircase to the Ecumenical Temple.
  4647 | D:4      | Reached XP level 6. HP: 38/38 MP: 9/9
  4816 | D:4      | You fall into a shaft and drop 1 floor!
  4816 | D:5      | Entered Level 5 of the Dungeon
  5298 | D:4      | Reached * piety under Makhleb
  5424 | D:5      | Noticed a sky beast
  5461 | D:5      | Killed a sky beast
  5462 | D:5      | Reached XP level 7. HP: 6/45 MP: 1/10
  5868 | D:5      | Found a stormy altar of Qazlal.
  6702 | D:6      | Noticed a kobold demonologist
  6726 | D:6      | Killed a kobold demonologist
  6727 | D:6      | Reached skill level 7 in Stealth
  6727 | D:6      | Reached XP level 8. HP: 38/52 MP: 10/12
  7045 | D:6      | Reached skill level 1 in Conjurations
  7066 | D:6      | Reached ** piety under Makhleb
  7067 | D:6      | Reached skill level 5 in Short Blades
  7167 | D:6      | Reached skill level 5 in Dodging
  7298 | D:6      | You fall into a shaft and drop 3 floors!
  7298 | D:9      | Noticed a yak
  7298 | D:9      | Noticed a yak
  7313 | D:8      | Noticed a yak
  7313 | D:8      | Noticed a yak
  7371 | D:8      | Learned a level 2 spell: Passwall
  7382 | D:8      | Found Gacvicla's Antique Armour Shop.
  7428 | D:7      | Found a runed translucent door.
  7429 | D:7      | Noticed Crazy Yiuf
  7669 | D:7      | Reached XP level 9. HP: 58/58 MP: 14/14
  7843 | D:6      | Found a basalt altar of Yredelemnul.
  8123 | D:6      | Found a sacrificial altar of Ru.
  8520 | D:6      | Found a sparkling altar of Nemelex Xobeh.
  8705 | D:7      | Reached skill level 8 in Stealth
  9193 | D:7      | Reached skill level 5 in Earth Magic
  9356 | D:7      | Noticed a boulder beetle
  9371 | D:7      | Noticed Prince Ribbit
  9379 | D:7      | Killed Prince Ribbit
  9663 | D:4      | Bought a potion of invisibility for 112 gold pieces
  9663 | D:4      | Bought a potion of flight for 42 gold pieces
  9663 | D:4      | Bought a potion of lignification for 42 gold pieces
  9745 | D:8      | Noticed Harold
  9761 | D:8      | Slain by Harold

Illustrated notes

Levels and vault maps discovered:
D:1:      heliophobic_arrival_glass_houses, layout_basic,
          ebering_ecumenical_altar_webs
D:2:      layout_basic
D:3:      layout_loops_ring, lightli_temple_of_fire,
          chequers_serial_rivers_large_b, uniq_terence
D:4:      layout_basic, fedhas_altar_1, minmay_temple_entry_trees,
          minmay_shop_grid_forest
D:5:      layout_cave_pools, nicolae_overflow_hidden_temple
D:6:      layout_loops_ring, amcnicky_altar_gilded,
          nicolae_yredelemnul_corpse_copse, nemelex_diamond_rough_becter,
          skrybe_limestone_x
D:7:      layout_loops_ring, uniq_crazy_yiuf_cottage, uniq_prince_ribbit1
D:8:      minmay_four_partial_circles, layout_basic, serial_shops,
          nicolae_stop_n_shop_1, nicolae_shop_temple_entry_statues_fountains,
          shop, nicolae_square_shop, dk_noncrumbling_2, uniq_joseph, uniq_harold
D:9:      layout_small_grid, grunt_temple_overflow_gold_and_silver, david_orc_4,
          ebering_ghost_inner_flame, grunt_ministairs_7, minmay_variable_closet,
          uniq_psyche

Skill      XL: |  1  2  3  4  5  6  7  8  9 |
---------------+----------------------------+-----
Stealth        | 3 4 6 7 8 |  8.6
Fighting       | 1 2 3 4 |  4.5
Short Blades   | 1 2 4 5 6 |  6.4
Dodging        | 3 4 5 6 |  6.1
Earth Magic    | 4 5 |  5.1
Spellcasting   | 3 4 |  4.0
Conjurations   | 1 |  1.9
Polearms       | |  0.3
Transmutations | |  1.0

Action                   |  1- 3 |  4- 6 |  7- 9 || total
-------------------------+-------+-------+-------++-------
Melee: Spear             |     7 |       |       ||     7
       Unarmed           |     6 |       |       ||     6
       Constrict         |    17 |    25 |    33 ||    75
       Tentacles         |     6 |    19 |    40 ||    65
       Dagger            |    70 |   114 |   199 ||   383
 Cast: Stone Arrow       |       |     3 |    18 ||    21
       Sandblast         |       |     4 |     5 ||     9
  Use: Scroll            |       |       |     8 ||     8
 Stab: Sleeping          |    10 |    11 |     8 ||    29
       Distracted        |       |     1 |     1 ||     2
Armor: Skin              |    16 |     8 |     9 ||    33
Dodge: Dodged            |    49 |    82 |   123 ||   254

Table legend: (Time is in decaauts)
 A = Elapsed time spent in this place.
 B = Non-inter-level travel time spent in this place.
 C = Inter-level travel time spent in this place.
 D = Time resting spent in this place.
 E = Time spent auto-exploring this place.
 F = Levels seen in this place.
 G = Mean time per level.
                   A        B        C        D        E       F      G
               +--------+--------+--------+--------+--------+-----+--------+
         Total |   9707 |   9250 |    457 |      0 |   7485 |   9 | 1078.6 |
       Dungeon |   9707 |   9250 |    457 |      0 |   7485 |   9 | 1078.6 |
               +--------+--------+--------+--------+--------+-----+--------+

Top non-repeatable levels by time:
     D:4: 1788 daAuts
     D:3: 1584 daAuts
     D:1: 1583 daAuts
     D:6: 1564 daAuts
     D:7: 1249 daAuts
     D:2: 1133 daAuts
     D:5: 673 daAuts
     D:8: 119 daAuts
     D:9: 11 daAuts
